Map: Gemgarden LE

Players

Nitrate - Winner!

  • Race: Protoss Protoss
  • League: Gold

Вагнер - Winner!

  • Race: Zerg Zerg

Ocemia

  • Race: Zerg Zerg
  • League: Gold

wickenChings

  • Race: Protoss Protoss
  • League: Platinum

VOD

Have the link to the VOD?

Description

Time

  • Played on: Feb. 25, 2026, 3:19 p.m.
  • Length: 13:22
Show
View Real Time Build Order
Export as new Build Order

Nitrate Protoss - Winner!

Build Orders: 1 Gate Expand 

Get SALT Encoding   

  12  0:00  Probe  
  13  0:12  Probe  
  14  0:22  Pylon  
  14  0:25  Probe  
  15  0:40  Probe  
  16  0:48  Gateway  
  16  0:53  Assimilator  
  16  1:01  Probe  
  17  1:13  Probe  
  19  1:25  Probe  
  19  1:35  Nexus  
  19  1:36  Probe  
  20  1:50  Probe  
  20  1:53  Cybernetics Core  
  21  2:02  Warp Gate  
  21  2:06  Probe  
  22  2:12  Assimilator  
  22  2:16  Pylon  
  22  2:18  Probe  
  23  2:31  Stalker  
  23  2:34  Probe  
  26  2:46  Probe  
  26  2:52  Probe  
  26  2:54  Gateway  
  28  2:58  Probe  
  28  3:09  Probe  
  28  3:10  Stalker  
  31  3:22  Gateway x2  
  31  3:27  Probe  
  31  3:32  Probe  
  32  3:44  Twilight Council  
  32  3:46  Pylon  
  32  3:51  Stalker, Pylon  
  34  3:55  Probe  
  34  3:56  Probe  
  36  4:08  Probe x2, Forge  
  38  4:15  Stalker  
  40  4:21  Protoss Ground Weapons Level 1, Probe x2  
  40  4:22  Charge  
  42  4:26  Pylon  
  42  4:33  Probe x2  
  44  4:45  Probe x2  
  45  4:49  Stalker  
  48  4:57  Assimilator  
  48  4:59  Probe x2  
  50  5:00  Assimilator  
  50  5:13  Stalker x3  
  56  5:24  Robotics Facility  
  57  5:28  Probe x2  
  58  5:35  Pylon  
  58  5:41  Gateway x2  
  58  5:42  Stalker  
  60  5:48  Zealot  
  60  5:49  Zealot  
  64  5:54  Probe x2  
  66  6:00  Blink  
  66  6:07  Zealot  
  68  6:17  Pylon  
  68  6:18  Templar Archives  
  68  6:20  Protoss Ground Weapons Level 2, Pylon  
  68  6:21  Zealot  
  70  6:27  Warp Prism  
  70  6:32  Probe x2  
  74  6:44  Probe  
  71  7:20  Stalker  
  71  7:21  Stalker x4  
  71  7:50  Zealot x4  
  71  7:51  Zealot  
  79  7:52  Probe x2  
  81  8:08  Probe x2  
  81  8:11  Psionic Storm  
  83  8:14  Robotics Bay  
  83  8:16  Nexus, Pylon  
  83  8:17  Pylon  
  81  8:22  Pylon  
  81  8:23  Assimilator  
  81  8:27  Assimilator  
  81  8:29  Pylon x2  
  81  8:32  Probe x2  
  83  8:36  Protoss Ground Weapons Level 3  
  83  8:45  Probe x2  
  81  8:56  Stalker x3  
  81  8:57  Stalker x2  
  89  9:04  Gateway  
  89  9:06  Gateway  
  89  9:07  Gateway  
  89  9:24  Stalker x4  
  87  9:47  Zealot x5  
  95  10:03  Zealot x2  
  95  10:04  Zealot  
  101  10:08  Zealot x5  
  101  10:09  Colossus  
  117  10:17  Probe x2  
  117  10:18  Robotics Bay  
  117  10:25  Robotics Facility  
  103  10:38  Zealot x6  
  103  10:39  Zealot  
  107  11:03  Colossus  
  97  11:06  Stalker x5  
  97  11:07  Stalker  
  95  11:25  Colossus, Extended Thermal Lance  
  91  11:33  Zealot x4  
  91  11:34  Zealot x2  
  103  11:57  Nexus  
  103  12:00  Pylon  
  103  12:01  Observer  
  103  12:03  Pylon  
  103  12:08  Pylon  
  104  12:45  Warp Prism, Nexus  
  104  12:49  Pylon, Stalker x2  
  116  12:52  Pylon  
  116  12:57  Pylon  
  116  12:59  Assimilator  
  116  13:03  Assimilator  
  116  13:08  High Templar  
  116  13:09  High Templar x5  
Show
View Real Time Build Order
Export as new Build Order

Вагнер Zerg - Winner!

Build Orders: Pool First 

Get SALT Encoding   

  12  0:00  Drone  
  13  0:08  Drone  
  14  0:16  Overlord  
  14  0:37  Drone  
  14  0:38  Spawning Pool  
  14  0:41  Drone  
  15  0:46  Extractor  
  15  0:47  Drone  
  15  0:52  Extractor  
  15  0:53  Drone  
  15  0:59  Drone  
  16  1:09  Drone  
  17  1:25  Queen  
  17  1:26  Zergling x2  
  17  1:30  Zergling x2  
  21  1:42  Metabolic Boost  
  21  1:44  Zergling x2  
  22  1:58  Overlord  
  22  2:13  Lair  
  22  2:22  Roach Warren  
  22  2:29  Drone  
  22  2:30  Drone  
  22  2:31  Drone  
  24  2:37  Zergling x2  
  24  2:38  Zergling x2  
  26  2:55  Zergling x4  
  26  3:11  Glial Reconstitution  
  26  3:16  Drone, Hatchery  
  26  3:24  Roach  
  28  3:32  Roach  
  30  3:36  Overlord  
  30  3:47  Overlord  
  25  4:03  Roach  
  25  4:05  Drone x2  
  29  4:16  Drone  
  30  4:25  Drone  
  31  4:35  Roach  
  31  4:38  Queen  
  33  4:40  Drone  
  36  4:46  Drone  
  36  4:47  Drone, Spire  
  37  4:53  Drone  
  38  5:06  Spore Crawler  
  37  5:08  Overseer  
  37  5:12  Drone x2  
  39  5:15  Roach  
  39  5:20  Evolution Chamber  
  40  5:25  Evolution Chamber  
  39  5:31  Zergling x2  
  39  5:32  Infestation Pit  
  39  5:36  Drone  
  39  5:37  Drone  
  39  5:39  Drone  
  39  5:42  Drone  
  43  5:45  Drone  
  43  5:49  Drone  
  45  5:58  Mutalisk  
  45  6:00  Mutalisk  
  49  6:05  Mutalisk  
  49  6:11  Overlord  
  51  6:15  Pneumatized Carapace  
  51  6:21  Zerg Missile Weapons Level 1  
  51  6:29  Zerg Melee Weapons Level 1  
  51  6:30  Mutalisk  
  53  6:35  Drone x3  
  53  6:39  Extractor  
  55  6:41  Extractor  
  55  6:45  Roach  
  55  6:46  Roach  
  58  6:48  Zergling x2  
  59  6:55  Overlord  
  59  7:10  Zergling x2, Overlord  
  59  7:17  Mutalisk x2  
  59  7:24  Overlord x2  
  59  7:29  Mutalisk  
  57  7:34  Zergling x8  
  63  7:42  Mutalisk  
  63  7:43  Zergling x2  
  60  7:51  Zergling x2  
  60  7:59  Drone x2  
  60  8:04  Roach  
  63  8:14  Hive  
  63  8:16  Drone x2  
  61  8:26  Hatchery  
  56  8:37  Mutalisk  
  56  8:38  Mutalisk x2  
  57  8:56  Mutalisk x2  
  56  9:22  Mutalisk x3  
  61  9:24  Zergling x6  
  63  9:37  Zerg Flyer Weapons Level 1  
  63  9:40  Overlord  
  63  9:43  Drone x3, Queen  
  68  9:46  Zergling x2  
  68  9:49  Zergling x2  
  71  10:00  Zergling x6  
  71  10:04  Zerg Melee Weapons Level 2  
  71  10:05  Zerg Missile Weapons Level 2  
  73  10:10  Drone  
  74  10:14  Extractor  
  74  10:15  Drone x3  
  74  10:16  Drone x4  
  80  10:25  Overseer  
  80  10:28  Zergling x6  
  83  10:31  Mutalisk  
  85  10:38  Mutalisk x2  
  87  10:51  Zergling x6  
  87  10:52  Zergling x2, Mutalisk, Roach  
  93  11:08  Mutalisk x2  
  97  11:16  Zergling x6  
  97  11:17  Overlord x2, Zergling x2  
  101  11:31  Mutalisk  
  101  11:32  Mutalisk  
  105  11:35  Overlord x2  
  97  11:53  Zergling x6  
  97  11:54  Zergling x2  
  93  12:01  Mutalisk x3  
  87  12:02  Zergling x4  
  93  12:13  Zergling x4  
  95  12:22  Extractor  
  91  12:39  Mutalisk x2  
  95  13:01  Zergling x8  
  95  13:02  Drone x4  
  95  13:03  Drone x3  
Show
View Real Time Build Order
Export as new Build Order

Ocemia Zerg 

Build Orders: Hatch First 

Get SALT Encoding   

  12  0:00  Drone  
  13  0:13  Overlord  
  13  0:17  Drone  
  14  0:31  Drone x2  
  16  0:38  Drone  
  17  0:56  Hatchery, Drone  
  17  1:00  Drone  
  18  1:10  Extractor  
  17  1:13  Spawning Pool  
  17  1:18  Drone  
  17  1:25  Drone  
  17  1:31  Drone  
  19  1:42  Overlord  
  19  2:12  Roach Warren  
  18  2:15  Drone  
  18  2:16  Drone x2  
  21  2:26  Queen  
  21  2:27  Spine Crawler  
  22  2:42  Spine Crawler  
  19  2:53  Zergling x2  
  19  2:54  Zergling x4  
  22  3:08  Queen  
  24  3:13  Queen  
  24  3:15  Zergling x4  
  28  3:38  Drone x6  
  34  3:47  Zergling x4  
  34  3:48  Zergling x2  
  36  3:49  Overlord  
  36  4:02  Metabolic Boost  
  33  4:06  Roach  
  33  4:07  Overlord  
  35  4:12  Drone x2  
  37  4:26  Overlord  
  37  4:29  Roach x2  
  41  4:50  Lair  
  41  4:51  Drone  
  41  4:52  Drone  
  43  5:04  Drone x6  
  43  5:05  Drone  
  50  5:19  Hatchery  
  50  5:21  Drone x3  
  50  5:22  Drone  
  53  5:34  Extractor  
  52  5:36  Extractor  
  52  5:42  Evolution Chamber  
  50  5:44  Drone x3  
  50  5:45  Drone x3  
  50  5:47  Overseer  
  56  5:52  Queen  
  58  6:03  Roach  
  60  6:04  Overlord x3  
  60  6:11  Glial Reconstitution  
  60  6:25  Drone x3  
  61  6:28  Drone x2  
  61  6:32  Drone  
  66  6:34  Hatchery  
  65  6:51  Drone x10  
  69  7:09  Roach  
  69  7:10  Roach x6  
  60  7:24  Drone x7  
  60  7:35  Zergling x6  
  52  7:49  Zergling x8  
  54  7:51  Zergling x2  
  55  8:04  Zergling x6  
  55  8:16  Zergling x4  
  55  8:18  Queen  
  56  8:47  Zergling x2  
  56  8:48  Extractor, Zergling x12  
  61  8:58  Queen  
  61  9:02  Zergling x6  
  66  9:15  Evolution Chamber  
  65  9:25  Spore Crawler  
  57  9:49  Zergling x18  
  57  9:52  Overlord x3  
  65  9:57  Zerg Melee Weapons Level 1  
  55  10:33  Zergling x12  
  56  10:48  Zergling x12  
  56  10:49  Zergling x14  
  63  11:05  Zergling x6  
  53  11:35  Queen  
  55  11:54  Drone x5  
  55  11:55  Drone x6  
  55  11:58  Drone  
  55  11:59  Drone x2  
  55  12:00  Zergling x14  
  76  12:12  Spire  
  74  12:19  Spore Crawler  
  62  12:23  Spore Crawler  
  61  12:30  Extractor, Drone x3  
  61  12:31  Drone x2  
  61  12:32  Drone, Extractor  
  65  12:50  Drone x2  
  68  12:51  Drone x3  
  68  12:52  Drone  
  68  12:53  Drone x2  
  68  12:56  Extractor x2  
  73  12:58  Roach  
  73  12:59  Roach x6  
Show
View Real Time Build Order
Export as new Build Order

wickenChings Protoss 

Build Orders:  

Get SALT Encoding   

  12  0:00  Probe  
  13  0:12  Probe  
  14  0:19  Pylon  
  14  0:24  Probe  
  15  0:37  Probe  
  15  0:38  Gateway  
  16  0:45  Probe  
  17  0:51  Assimilator  
  17  1:04  Gateway  
  17  1:05  Probe  
  18  1:18  Probe  
  19  1:31  Cybernetics Core  
  19  1:40  Probe  
  20  1:48  Zealot  
  20  1:52  Pylon  
  22  2:04  Pylon  
  22  2:05  Pylon  
  22  2:11  Adept  
  22  2:13  Shield Battery  
  22  2:16  Probe  
  25  2:33  Probe  
  26  2:38  Assimilator  
  26  2:51  Probe  
  27  2:52  Adept x2  
  31  3:08  Shield Battery  
  31  3:09  Probe  
  32  3:20  Warp Gate, Pylon  
  32  3:21  Probe  
  32  3:23  Pylon  
  33  3:32  Adept  
  37  3:39  Sentry  
  37  3:42  Probe  
  38  3:54  Probe  
  39  4:01  Phoenix  
  39  4:11  Adept  
  39  4:12  Probe  
  42  4:30  Probe  
  43  4:39  Stalker x2  
  43  4:42  Probe  
  48  4:54  Probe  
  49  5:11  Probe  
  50  5:18  Phoenix  
  50  5:26  Nexus x2  
  50  5:29  Pylon x2  
  50  5:32  Pylon x2  
  50  5:50  Probe  
  50  5:56  Gateway  
  51  5:58  Gateway  
  51  6:00  Gateway  
  51  6:02  Probe  
  51  6:03  Pylon  
  52  6:04  Twilight Council  
  52  6:05  Forge  
  52  6:08  Forge  
  52  6:19  Probe  
  53  6:31  Probe  
  54  6:34  Gateway x2, Phoenix  
  54  6:38  Probe x2  
  56  6:41  Charge  
  56  6:42  Protoss Ground Weapons Level 1  
  56  6:43  Protoss Ground Armor Level 1  
  56  6:48  Templar Archives  
  56  6:56  Zealot x2  
  60  7:15  Zealot x2  
  62  7:16  Zealot x2  
  56  7:32  Zealot x3  
  56  7:36  Probe  
  56  7:37  Probe x2  
  51  7:58  Stalker x4  
  49  7:59  Stalker x2  
  57  8:08  Probe  
  57  8:10  Assimilator  
  57  8:11  Probe  
  57  8:12  Assimilator  
  59  8:20  Stalker  
  59  8:22  Stalker  
  59  8:23  Zealot x3  
  69  8:40  Zealot x2  
  73  8:48  Probe x3  
  66  8:59  Stalker x4  
  74  9:03  Protoss Ground Weapons Level 2  
  73  9:10  Shield Battery  
  73  9:14  Stalker x3  
  73  9:30  Photon Cannon  
  73  9:34  Photon Cannon  
  73  9:36  Shield Battery  
  73  9:37  Protoss Ground Armor Level 2  
  67  9:38  Stalker x2  
  67  9:39  Stalker x2  
  67  9:43  Blink  
  75  9:54  Zealot x2  
  79  10:02  Probe  
  79  10:03  Probe  
  81  10:11  Zealot x3  
  79  10:35  Zealot x4  
  83  10:36  Zealot x2, Probe x2  
  83  10:37  Probe  
  94  10:45  Shield Battery  
  94  10:48  Photon Cannon, Probe  
  94  10:49  Probe  
  93  10:51  Assimilator  
  78  10:59  Stalker  
  78  11:00  Stalker x2  
  65  11:08  Stalker x2  
  60  11:17  Probe  
  46  11:28  Zealot  
  47  11:39  Probe x2  
  47  11:51  Probe  
  38  11:55  Pylon  
  30  12:08  Stalker  
  21  12:10  Zealot  
  16  12:40  Stalker x2  
Tags
 
Add a new tag
Caveats
  • Supply blocks, unpowered buildings, or Contaminate may cause inaccurate times.
  • Supply counts are checked every 10 seconds.